[ AOE2 MATCH · #506433536 ]
UnrankedJapanese vs Ethiopians
Player's team · LOSS
Rival team · WIN
[ REPLAY ANALYSIS · EXTRACTED FROM THE RECORDED GAME ]
Feudal
10:53
Castle
20:26
Imperial
41:29
| APM avg | 75.6 |
| APM peak | 108 |
| eAPM avg | 35.8 |
| Villagers / military | 233 / 161 |
Focus
⚔️ 56.0% · 🌾 44.0%
Archer ×49 · Cavalry Archer ×49 · Skirmisher ×48 · Mangonel ×8 · Militia ×5 · Scout Cavalry ×2
Feudal
8:35
Castle
19:36
Imperial
40:55
| APM avg | 67.7 |
| APM peak | 146 |
| eAPM avg | 41.8 |
| Villagers / military | 143 / 105 |
Focus
⚔️ 64.6% · 🌾 35.4%
Archer ×79 · Mangonel ×7 · Skirmisher ×5 · Knight ×4 · Bombard Cannon ×4 · Trebuchet (Packed) ×3
Match map
Initial resources + every placement click. Lines = walls · curves = elevation contours. ◆ gold · ⬟ stone · ● berries · ✦ relic · ◌ wall gap
Your base· ✓ Closed at 20:26 · 57t walls · 1 gate(s)
RaiD's base· Open — 4t gap
Smoothed initial terrain · ◌ = detected wall gap · hover for details
Inputs per minute
— Chagas - - RaiD
Build order — Chagas
First 150 of 546 actions detected
| 0:01 | Queue | Villager (Male) |
| 0:01 | Queue | Villager (Male) |
| 0:02 | Build | House |
| 0:04 | Build | House |
| 0:04 | Queue | Villager (Male) |
| 0:12 | Queue | Villager (Male) |
| 0:12 | Queue | Villager (Male) |
| 1:29 | Queue | Villager (Male) |
| 1:29 | Queue | Villager (Male) |
| 1:46 | Build | Lumber Camp |
| 2:03 | Queue | Villager (Male) |
| 2:21 | Queue | Villager (Male) |
| 2:21 | Queue | Villager (Male) |
| 3:00 | Queue | Villager (Male) |
| 3:00 | Queue | Villager (Male) |
| 3:17 | Queue | Villager (Male) |
| 3:17 | Queue | Villager (Male) |
| 3:17 | Queue | Villager (Male) |
| 3:36 | Build | House |
| 4:05 | Build | House |
| 4:16 | Queue | Villager (Male) |
| 4:17 | Queue | Villager (Male) |
| 4:40 | Build | Barracks |
| 4:49 | Queue | Villager (Male) |
| 4:50 | Queue | Villager (Male) |
| 5:06 | Build | House |
| 5:17 | Queue | Villager (Male) |
| 5:34 | Queue | Militia |
| 5:35 | Queue | Militia |
| 5:41 | Queue | Militia |
| 5:41 | Queue | Militia |
| 5:47 | Build | Mill |
| 5:59 | Queue | Villager (Male) |
| 5:59 | Queue | Villager (Male) |
| 5:59 | Queue | Villager (Male) |
| 6:22 | Queue | Villager (Male) |
| 6:22 | Queue | Villager (Male) |
| 6:52 | Queue | Villager (Male) |
| 6:52 | Queue | Villager (Male) |
| 6:53 | Build | Farm |
| 6:55 | Queue | Villager (Male) |
| 7:13 | Queue | Villager (Male) |
| 7:16 | Build | Farm |
| 7:31 | Queue | Villager (Male) |
| 7:32 | Research | Loom |
| 8:43 | Research | Feudal Age |
| 8:43 | Research | Feudal Age |
| 9:19 | Build | Lumber Camp |
| 9:34 | Build | Mining Camp |
| 9:41 | Queue | Villager (Male) |
| 9:44 | Build | Palisade Wall |
| 10:02 | Queue | Villager (Male) |
| 10:02 | Queue | Villager (Male) |
| 10:20 | Queue | Militia |
| 10:31 | Queue | Villager (Male) |
| 10:42 | Build | Palisade Wall |
| 10:53 | Age | Feudal Age |
| 11:03 | Queue | Villager (Male) |
| 11:05 | Build | Archery Range |
| 11:14 | Research | Double-Bit Axe |
| 11:14 | Research | Double-Bit Axe |
| 11:15 | Queue | Villager (Male) |
| 11:36 | Queue | Villager (Male) |
| 11:36 | Queue | Villager (Male) |
| 11:37 | Queue | Villager (Male) |
| 11:51 | Queue | Villager (Male) |
| 11:53 | Queue | Skirmisher |
| 11:53 | Queue | Skirmisher |
| 11:55 | Build | Palisade Wall |
| 11:58 | Queue | Villager (Male) |
| 11:58 | Queue | Villager (Male) |
| 12:00 | Build | Palisade Wall |
| 12:03 | Queue | Villager (Male) |
| 12:03 | Queue | Villager (Male) |
| 12:07 | Build | Palisade Wall |
| 12:24 | Build | Farm |
| 12:26 | Build | Farm |
| 12:35 | Build | Blacksmith |
| 12:38 | Build | Palisade Wall |
| 12:45 | Queue | Skirmisher |
| 12:52 | Queue | Villager (Male) |
| 12:54 | Build | Farm |
| 13:02 | Build | House |
| 13:11 | Queue | Archer |
| 13:16 | Build | Palisade Gate |
| 13:17 | Build | Palisade Wall |
| 13:26 | Queue | Villager (Male) |
| 13:29 | Build | Farm |
| 13:34 | Queue | Villager (Male) |
| 13:35 | Queue | Archer |
| 13:35 | Queue | Archer |
| 13:39 | Queue | Archer |
| 13:46 | Queue | Villager (Male) |
| 13:51 | Queue | Villager (Male) |
| 13:54 | Build | Farm |
| 14:02 | Build | Farm |
| 14:04 | Queue | Archer |
| 14:04 | Queue | Archer |
| 14:14 | Queue | Archer |
| 14:30 | Research | Fletching |
| 14:31 | Research | Fletching |
| 14:31 | Queue | Archer |
| 14:31 | Queue | Archer |
| 14:34 | Build | Farm |
| 14:37 | Build | House |
| 14:38 | Queue | Villager (Male) |
| 14:52 | Build | House |
| 15:05 | Queue | Archer |
| 15:08 | Queue | Villager (Male) |
| 15:10 | Build | Farm |
| 15:15 | Queue | Villager (Male) |
| 15:15 | Queue | Villager (Male) |
| 15:15 | Queue | Villager (Male) |
| 15:28 | Queue | Villager (Male) |
| 15:39 | Queue | Villager (Male) |
| 15:41 | Queue | Villager (Male) |
| 15:43 | Build | Farm |
| 15:58 | Build | House |
| 16:01 | Queue | Archer |
| 16:06 | Build | Palisade Wall |
| 16:10 | Queue | Archer |
| 16:13 | Queue | Villager (Male) |
| 16:15 | Build | Mining Camp |
| 16:16 | Queue | Villager (Male) |
| 16:16 | Queue | Villager (Male) |
| 16:16 | Queue | Villager (Male) |
| 16:39 | Queue | Villager (Male) |
| 16:49 | Queue | Archer |
| 17:04 | Queue | Villager (Male) |
| 17:05 | Queue | Archer |
| 17:16 | Build | Archery Range |
| 17:46 | Research | Castle Age |
| 17:46 | Research | Castle Age |
| 17:57 | Build | Lumber Camp |
| 18:01 | Queue | Archer |
| 18:01 | Queue | Archer |
| 18:04 | Build | House |
| 18:04 | Build | House |
| 18:15 | Research | Horse Collar |
| 18:17 | Queue | Archer |
| 18:17 | Queue | Archer |
| 18:21 | Queue | Archer |
| 18:42 | Queue | Villager (Male) |
| 18:48 | Research | Gold Mining |
| 18:49 | Research | Gold Mining |
| 18:50 | Queue | Archer |
| 18:55 | Queue | Archer |
| 18:55 | Queue | Archer |
| 18:56 | Queue | Archer |
| 18:57 | Build | House |
Build order — RaiD
First 150 of 453 actions detected
| 0:01 | Queue | Villager (Male) ×4 |
| 0:02 | Build | House |
| 0:02 | Build | House |
| 1:26 | Queue | Villager (Male) |
| 1:26 | Queue | Villager (Male) |
| 1:59 | Queue | Villager (Male) |
| 1:59 | Queue | Villager (Male) |
| 2:24 | Queue | Villager (Male) |
| 2:24 | Queue | Villager (Male) |
| 2:30 | Build | Lumber Camp |
| 2:52 | Queue | Villager (Male) |
| 2:52 | Queue | Villager (Male) |
| 3:08 | Queue | Villager (Male) |
| 3:12 | Build | House |
| 3:23 | Queue | Villager (Male) |
| 3:45 | Build | House |
| 3:51 | Build | Palisade Wall |
| 3:58 | Queue | Villager (Male) |
| 4:31 | Queue | Villager (Male) |
| 4:31 | Queue | Villager (Male) |
| 5:09 | Queue | Villager (Male) |
| 5:30 | Build | Mill |
| 5:50 | Research | Loom |
| 6:25 | Research | Feudal Age |
| 6:25 | Research | Feudal Age |
| 7:37 | Build | Barracks |
| 7:58 | Queue | Villager (Male) |
| 8:17 | Build | Palisade Wall |
| 8:19 | Build | Palisade Wall |
| 8:21 | Build | Palisade Wall |
| 8:29 | Build | Palisade Wall |
| 8:33 | Build | Palisade Gate |
| 8:35 | Age | Feudal Age |
| 8:57 | Queue | Villager (Male) |
| 9:00 | Build | Archery Range |
| 9:12 | Queue | Villager (Male) |
| 9:33 | Queue | Villager (Male) |
| 9:38 | Queue | Archer |
| 9:41 | Build | House |
| 9:45 | Build | Palisade Wall |
| 10:03 | Queue | Villager (Male) |
| 10:05 | Queue | Archer |
| 10:10 | Queue | Villager (Male) |
| 10:31 | Queue | Villager (Male) |
| 10:35 | Build | Mining Camp |
| 10:38 | Queue | Archer |
| 10:45 | Queue | Villager (Male) |
| 10:47 | Research | Double-Bit Axe |
| 10:58 | Queue | Villager (Male) |
| 11:00 | Build | Farm |
| 11:08 | Build | House |
| 11:12 | Queue | Villager (Male) |
| 11:29 | Queue | Villager (Male) |
| 11:42 | Queue | Archer |
| 11:44 | Build | Farm |
| 11:44 | Queue | Villager (Male) |
| 11:50 | Queue | Villager (Male) |
| 11:54 | Build | House |
| 11:59 | Build | Farm |
| 12:11 | Queue | Archer |
| 12:34 | Queue | Villager (Male) |
| 12:37 | Build | Farm |
| 12:43 | Build | House |
| 12:52 | Queue | Archer |
| 13:11 | Build | Blacksmith |
| 13:16 | Queue | Archer |
| 13:22 | Build | Palisade Wall |
| 13:38 | Build | House |
| 13:39 | Build | House |
| 13:40 | Build | Palisade Wall |
| 13:51 | Queue | Archer |
| 13:59 | Build | Palisade Wall |
| 14:01 | Queue | Villager (Male) |
| 14:05 | Build | Farm |
| 14:12 | Queue | Archer |
| 14:22 | Queue | Villager (Male) |
| 14:36 | Build | Farm |
| 14:38 | Queue | Villager (Male) |
| 14:44 | Queue | Archer |
| 14:54 | Build | Farm |
| 15:09 | Queue | Villager (Male) |
| 15:31 | Build | Archery Range |
| 15:36 | Build | Stable |
| 15:40 | Build | House |
| 15:54 | Queue | Archer |
| 15:57 | Build | Farm |
| 16:01 | Queue | Villager (Male) |
| 16:07 | Build | Palisade Wall |
| 16:28 | Queue | Archer |
| 16:35 | Build | Farm |
| 16:45 | Build | Palisade Wall |
| 16:56 | Research | Castle Age |
| 16:57 | Research | Castle Age |
| 16:59 | Queue | Archer |
| 17:14 | Build | Farm |
| 17:17 | Build | Farm |
| 17:19 | Build | Farm |
| 17:33 | Build | Farm |
| 17:40 | Queue | Scout Cavalry |
| 17:47 | Build | Farm |
| 17:55 | Research | Fletching |
| 17:57 | Queue | Archer |
| 18:10 | Queue | Archer |
| 18:43 | Queue | Villager (Male) |
| 18:53 | Queue | Archer |
| 19:36 | Age | Castle Age |
| 19:38 | Research | Crossbowman (upgrade) |
| 19:38 | Research | Bodkin Arrow |
| 19:41 | Build | University |
| 19:53 | Queue | Villager (Male) |
| 19:56 | Build | Town Center |
| 20:05 | Research | Padded Archer Armor |
| 20:07 | Queue | Archer |
| 20:09 | Queue | Knight |
| 20:22 | Queue | Villager (Male) |
| 20:24 | Queue | Knight |
| 20:44 | Queue | Villager (Male) |
| 20:52 | Research | Ballistics |
| 20:52 | Research | Ballistics |
| 21:06 | Queue | Villager (Male) |
| 21:19 | Research | Bow Saw |
| 21:19 | Research | Bow Saw |
| 21:22 | Queue | Archer |
| 21:33 | Queue | Villager (Male) |
| 21:37 | Queue | Villager (Male) |
| 21:44 | Queue | Villager (Male) |
| 21:45 | Build | Farm |
| 21:46 | Build | Farm |
| 21:50 | Queue | Villager (Male) |
| 21:55 | Queue | Archer |
| 21:59 | Queue | Villager (Male) |
| 22:18 | Queue | Villager (Male) |
| 22:20 | Build | Lumber Camp |
| 22:30 | Build | Siege Workshop |
| 22:45 | Queue | Villager (Male) |
| 22:47 | Build | House |
| 22:49 | Build | House |
| 22:49 | Build | House |
| 23:08 | Queue | Villager (Male) |
| 23:25 | Build | Lumber Camp |
| 23:33 | Queue | Mangonel |
| 23:36 | Build | House |
| 23:39 | Queue | Villager (Male) |
| 23:39 | Queue | Villager (Male) |
| 23:39 | Queue | Villager (Male) |
| 24:00 | Queue | Knight |
| 24:08 | Build | Town Center |
| 24:13 | Build | House |
| 24:55 | Build | Farm |
| 25:01 | Build | Farm |
Match timeline
| 3:51 | RaiD · wall_segment Palisade Wall x6 |
| 4:40 | Chagas · first_building Barracks |
| 7:37 | RaiD · first_building Barracks |
| 8:17 | RaiD · wall_segment Palisade Wall x1 |
| 8:19 | RaiD · wall_segment Palisade Wall x1 |
| 8:21 | RaiD · wall_segment Palisade Wall x1 |
| 8:29 | RaiD · wall_segment Palisade Wall x1 |
| 8:35 | RaiD · age_up feudal |
| 9:00 | RaiD · first_building Archery Range |
| 9:44 | Chagas · wall_segment Palisade Wall x20 |
| 9:45 | RaiD · wall_segment Palisade Wall x3 |
| 10:42 | Chagas · wall_segment Palisade Wall x1 |
| 10:53 | Chagas · age_up feudal |
| 11:05 | Chagas · first_building Archery Range |
| 11:55 | Chagas · wall_segment Palisade Wall x8 |
| 12:00 | Chagas · wall_segment Palisade Wall x5 |
| 12:07 | Chagas · wall_segment Palisade Wall x20 |
| 12:38 | Chagas · wall_segment Palisade Wall x6 |
| 13:17 | Chagas · wall_segment Palisade Wall x1 |
| 13:22 | RaiD · wall_segment Palisade Wall x17 |
| 13:40 | RaiD · wall_segment Palisade Wall x1 |
| 13:59 | RaiD · wall_segment Palisade Wall x13 |
| 15:36 | RaiD · first_building Stable |
| 16:06 | Chagas · wall_segment Palisade Wall x1 |
| 16:07 | RaiD · wall_segment Palisade Wall x5 |
| 16:45 | RaiD · wall_segment Palisade Wall x1 |
| 19:36 | RaiD · age_up castle |
| 20:26 | Chagas · age_up castle |
| 22:30 | RaiD · first_building Siege Workshop |
| 22:51 | Chagas · first_market_buy 100 stone |
| 25:48 | Chagas · first_building Siege Workshop |
| 26:06 | Chagas · wall_segment Palisade Wall x2 |
| 26:18 | RaiD · first_market_sell 100 wood |
| 28:43 | Chagas · wall_segment Palisade Wall x2 |
| 29:50 | RaiD · first_market_buy 100 wood |
| 32:32 | Chagas · first_building Stable |
| 37:36 | RaiD · first_building Castle |
| 37:55 | Chagas · first_market_sell 500 food |
| 38:24 | RaiD · first_building Monastery |
| 40:55 | RaiD · age_up imperial |
| 41:29 | Chagas · age_up imperial |
| 47:12 | Chagas · resign |
[ AI ANALYSIS · 1 CREDIT ]
What really happened in this match?
Wolo.gg analyzes every decision: build order, eco, micro, common mistakes by bracket. Personalized analysis on WhatsApp or Discord in 30 seconds.
Civ guide
Japanese
Perfil
Jugador #25079803